 Dungeon Crawl Stone Soup version 0.28.0-45-g0d030f2227 (webtiles) character file.

Game seed: 6220489302547802758

74 pkoi the Chiller (level 3, -2/26 HPs)
             Began as a Demigod Ice Elementalist on Apr 15, 2022.
             Slain by a gnoll
             ... wielding a +1 halberd of flaming
              (3 damage)
             ... on level 1 of the Dungeon.
             The game lasted 00:02:26 (2177 turns).

pkoi the Chiller (Demigod Ice Elementalist)         Turns: 2177, Time: 00:02:27

Health: -2/26      AC:  4    Str:  9    XL:     3   Next: 86%
Magic:  5/8        EV: 12    Int: 21    God:
Gold:   13         SH:  0    Dex: 14    Spells: 4/5 levels left

rFire   . . .      SeeInvis .   d - +0 dagger
rCold   . . .      Faith    .   (no shield)
rNeg    . . .      Spirit   .   a - +0 robe
rPois   .          Reflect  .   c - +0 helmet
rElec   .          Harm     .   (no cloak)
rCorr   .          Rampage  .   (no gloves)
Will    .....                   b - +0 pair of boots
Stlth   ++........              (no amulet)
HPRegen 0.08/turn               (no ring)
MPRegen 0.11/turn               (no ring)

@: no status effects
A: high MP 1, forlorn, divine attributes
a: no special abilities


You were on level 1 of the Dungeon.
You visited 1 branch of the dungeon, and saw 2 of its levels.

You collected 13 gold pieces.

Inventory:

Hand Weapons
 d - a +0 dagger (weapon)
 e - a +0 whip
Missiles
 h - 5 javelins
Armour
 a - a +0 robe (worn)
 b - a +0 pair of boots (worn)
 c - a +0 helmet (worn)
 q - the +1 leather armour of Marbles {Str-4 Int+4}
   (You found it on level 2 of the Dungeon)

   Str:       It affects your strength (-4).
   Int:       It affects your intelligence (+4).
Scrolls
 g - a scroll of amnesia
 i - a scroll of summoning {unknown}
 j - 2 scrolls of enchant weapon {unknown}
 m - a scroll of identify {unknown}
 n - a scroll of silence {unknown}
 o - a scroll of brand weapon {unknown}
 p - a scroll of enchant armour {unknown}
Potions
 f - a potion of curing {unknown}
 k - a potion of attraction {unknown}
 l - a potion of ambrosia {unknown}


   Skills:
 + Level 0.2 Fighting
 + Level 0.2 Armour
 - Level 1.7 Dodging
 + Level 1.9 Stealth
 - Level 1.7 Spellcasting
 * Level 5.0 Ice Magic


You had 4 spell levels left.
You knew the following spells:

 Your Spells              Type           Power      Damage    Failure   Level
a - Freeze                Ice            92%        1d10      1%          1

Your spell library contained the following spells:

 Spells                   Type           Power      Damage    Failure   Level
 Frozen Ramparts          Ice            46%        1d6       5%          3
 Ozocubu's Armour         Ice            23%        N/A       5%          3
 Hailstorm                Conj/Ice       12%        3d5       47%         4


Dungeon Overview and Level Annotations

Branches:
Dungeon (2/15)


Innate Abilities, Weirdness & Mutations

You have an increased reservoir of magic. (+10% MP)
You shall have no god before yourself.
Your divine heritage dramatically boosts your attributes as you level up.


Message History

There is a stone staircase leading up here.
You climb upwards.
There is a stone staircase leading down here.
You start resting.
HP restored.
You start waiting.
Done waiting.
You climb downwards.
The gnoll closely misses you. The gnoll barely misses you.
There is a stone staircase leading up here.
Unknown command.
The gnoll hits you with a +1 halberd of flaming!
* * * LOW HITPOINT WARNING * * *
The gnoll burns you.
* * * LOW HITPOINT WARNING * * *
You climb upwards.
There is a stone staircase leading down here.
Aiming: Freeze (safe; 1% risk of failure)
Press: ? - help, Q - select action, (/) - cycle Shift-Dir - straight line, f - gnoll
Aim: a gnoll, wielding a +1 halberd of flaming You freeze the gnoll.
The gnoll is lightly wounded.
The gnoll hits you with a +1 halberd of flaming.
* * * LOW HITPOINT WARNING * * *
The gnoll burns you.
* * * LOW HITPOINT WARNING * * *
Aiming: Freeze (safe; 1% risk of failure)
Press: ? - help, Q - select action, (/) - cycle Shift-Dir - straight line, f/p - gnoll
Aim: a gnoll, wielding a +1 halberd of flaming (lightly wounded)
You freeze the gnoll.
The gnoll is moderately wounded.
The gnoll barely misses you.
Aiming: Freeze (safe; 1% risk of failure)
Press: ? - help, Q - select action, (/) - cycle Shift-Dir - straight line, f/p - gnoll
Aim: a gnoll, wielding a +1 halberd of flaming (moderately wounded)
You freeze the gnoll.
The gnoll is almost dead.
The gnoll hits you with a +1 halberd of flaming!
* * * LOW HITPOINT WARNING * * *
The gnoll burns you.
You die...

########.....#....#
..##....รท....+...##
..##.##......#...#
..##.##.##.####..#
..##.##.##.####..#
.....##.##.......#
..#####.#.....#..#
..#.# #.#...#.#.g#
....# #.....#.#.@#
..#.# ###.#.#.##.#
..#.# #.(..#.##.#
###.# ####...##.#
#.# #....#.# ###
#.#..#.#
#############..#.#
...#...........#.#
..##.#######..##.###


You could see a gnoll.

Vanquished Creatures
  An adder (D:2)
  A gnoll (D:2)
  A worm (D:2)
  2 dart slugs (D:2)
  4 ball pythons
  5 endoplasms
  A giant cockroach (D:1)
  8 goblins
  4 hobgoblins
  3 jackals (D:1)
  A kobold (D:1)
  A quokka (D:1)
  5 bats
  3 frilled lizards
  2 rats
42 creatures vanquished.

Notes
Turn   | Place    | Note
-------+----------+-------------------------------------------
     0 | D:1      | pkoi the Demigod Ice Elementalist began the quest for the
                  | Orb.
     0 | D:1      | Reached XP level 1. HP: 14/14 MP: 5/5
   319 | D:1      | Reached skill level 4 in Ice Magic
   491 | D:1      | Reached XP level 2. HP: 15/20 MP: 4/7
  1241 | D:2      | Reached XP level 3. HP: 23/26 MP: 4/8
  1574 | D:2      | Identified the +1 leather armour of Marbles {Str-4 Int+4}
  1581 | D:2      | Reached skill level 5 in Ice Magic
  2177 | D:1      | HP: 1/26 [gnoll/+1 halberd of flaming (8)]
  2177 | D:1      | Slain by a gnoll

Illustrated notes

Levels and vault maps discovered:
D:1:      shiori_arrival_maze, layout_basic
D:2:      layout_basic, minmay_goblin_outpost, uniq_crazy_yiuf_cottage

Skill      XL: |  1  2  3 |
---------------+----------+-----
Ice Magic      | 4 5 |  5.0
Fighting       | |  0.2
Armour         | |  0.2
Dodging        | |  1.7
Stealth        | |  1.9
Spellcasting   | |  1.7

Action                   || total
-------------------------++-------
Melee: Dagger            ||    17
 Cast: Freeze            ||    65
  Use: Scroll            ||     2
 Stab: Sleeping          ||     1
       Distracted        ||     2
Armor: Robe              ||    15
Dodge: Dodged            ||    35
